Map: Amygdala

Players

SKillous

  • Race: Protoss Protoss
  • League: Grandmaster
  • Spawn Location: 7:00

gumiho - Winner!

  • Race: Terran Terran
  • Spawn Location: 1:00

Event: HomeStory Cup XXVI

VOD

Have the link to the VOD?

Description

Time

  • Played on: Nov. 29, 2024, 6:32 a.m.
  • Length: 12:00

All games in this series

Show
View Real Time Build Order
Export as new Build Order

SKillous Protoss 

Build Orders: 1 Gate Expand, Phoenix Opening, Blink Stalkers 

Get SALT Encoding   

  12  0:00  Probe  
  13  0:12  Probe  
  14  0:19  Pylon  
  14  0:24  Probe  
  15  0:33  Probe  
  15  0:40  Gateway  
  15  0:41  Probe  
  16  0:46  Assimilator  
  17  0:51  Probe  
  18  1:03  Probe  
  19  1:15  Probe  
  20  1:27  Cybernetics Core, Probe  
  21  1:37  Nexus  
  21  1:43  Pylon  
  21  1:48  Assimilator  
  21  1:49  Probe  
  21  1:53  Adept  
  22  2:01  Probe  
  23  2:05  Warp Gate  
  25  2:13  Probe  
  26  2:23  Twilight Council  
  26  2:25  Blink, Probe  
  26  2:28  Stalker  
  29  2:37  Probe  
  29  2:42  Gateway  
  30  2:45  Probe  
  30  2:49  Probe  
  32  2:53  Probe  
  33  3:01  Probe  
  33  3:03  Probe  
  35  3:12  Pylon  
  35  3:13  Probe  
  35  3:16  Probe  
  35  3:17  Sentry  
  39  3:25  Probe  
  40  3:29  Probe  
  40  3:30  Gateway  
  41  3:37  Pylon, Probe  
  42  3:41  Probe  
  43  3:48  Assimilator  
  43  3:50  Probe  
  43  3:52  Stalker x2  
  43  3:54  Phoenix, Probe  
  49  4:02  Probe  
  50  4:06  Shield Battery, Probe  
  51  4:14  Probe  
  52  4:17  Stalker x2  
  52  4:18  Shield Battery  
  56  4:24  Probe  
  56  4:29  Stalker  
  59  4:37  Probe  
  59  4:38  Probe  
  44  4:45  Stalker x2  
  44  4:46  Phoenix  
  46  4:56  Phoenix  
  46  4:59  Probe  
  47  5:00  Stalker  
  47  5:01  Probe  
  50  5:08  Stalker x2  
  50  5:11  Probe  
  50  5:13  Probe  
  56  5:19  Pylon  
  56  5:23  Probe  
  56  5:24  Stalker  
  56  5:27  Probe  
  60  5:31  Stalker  
  60  5:34  Pylon  
  62  5:37  Probe  
  61  5:53  Probe  
  61  5:54  Probe  
  51  5:59  Stalker  
  51  6:00  Stalker x2  
  51  6:01  Probe  
  51  6:02  Probe  
  57  6:09  Probe  
  59  6:11  Nexus, Probe  
  59  6:13  Pylon  
  61  6:21  Probe  
  61  6:23  Probe  
  63  6:30  Gateway  
  63  6:31  Gateway  
  63  6:33  Gateway, Probe  
  63  6:35  Probe  
  65  6:41  Stalker  
  65  6:45  Probe  
  68  6:47  Probe  
  69  6:58  Sentry, Probe  
  69  6:59  Probe  
  73  7:02  Charge  
  73  7:04  Gateway  
  73  7:06  Gateway, Pylon  
  73  7:08  Pylon  
  72  7:10  Probe  
  72  7:11  Probe  
  69  7:20  Stalker x2  
  69  7:22  Shield Battery, Probe  
  74  7:24  Probe  
  74  7:26  Probe  
  74  7:27  Stalker  
  78  7:32  Sentry  
  78  7:34  Probe  
  78  7:36  Stalker, Probe  
  84  7:38  Probe  
  84  7:41  Stalker  
  87  7:46  Probe  
  87  7:48  Probe  
  87  7:50  Probe  
  90  7:56  Stalker x4  
  92  7:59  Probe  
  92  8:03  Pylon  
  93  8:11  Zealot x4  
  91  8:19  Zealot x4  
  94  8:41  Pylon  
  94  8:42  Pylon  
  94  8:44  Nexus  
  94  8:45  Pylon  
  94  8:46  Pylon  
  78  8:57  Zealot x2  
  78  8:58  Zealot x2  
  78  9:00  Sentry x2  
  80  9:05  Zealot  
  80  9:09  Zealot  
  74  9:17  Templar Archives  
  74  9:20  Zealot  
  74  9:22  Zealot  
  78  9:29  Zealot x2  
  80  9:32  Zealot  
  84  9:40  Zealot x2  
  84  9:42  Psionic Storm  
  84  9:44  Zealot  
  88  9:46  Zealot  
  90  9:56  High Templar x2  
  94  10:00  Archon  
  94  10:01  High Templar  
  94  10:02  High Templar  
  98  10:07  Archon  
  98  10:09  Zealot x2  
  86  10:31  Zealot x2  
  88  10:35  Cybernetics Core  
  86  10:46  Zealot, High Templar  
  86  10:48  Pylon  
  90  10:53  Probe x2  
  90  10:56  Zealot  
  94  11:01  Gateway  
  94  11:02  Gateway  
  94  11:05  Gateway  
  94  11:10  Gateway  
  94  11:12  Gateway  
  94  11:14  Gateway, Probe  
  93  11:20  Gateway  
  93  11:21  High Templar x2  
  93  11:22  Probe  
  93  11:23  Probe  
Show
View Real Time Build Order
Export as new Build Order

gumiho Terran - Winner!

Build Orders: Reaper Expand 

Get SALT Encoding   

  12  0:00  SCV  
  13  0:12  SCV  
  14  0:16  Supply Depot  
  14  0:24  SCV  
  15  0:38  SCV  
  15  0:39  Barracks  
  16  0:43  Refinery  
  16  0:50  SCV  
  17  1:02  SCV  
  18  1:14  SCV  
  19  1:26  Orbital Command, Reaper  
  20  1:38  Command Center  
  20  1:51  Supply Depot  
  20  1:52  SCV  
  21  1:58  Marine  
  22  2:03  Factory  
  22  2:07  SCV  
  23  2:12  Refinery  
  23  2:16  Barracks Tech Lab  
  23  2:19  SCV  
  24  2:31  SCV  
  24  2:35  Marauder  
  27  2:43  SCV  
  28  2:48  Hellion  
  28  2:49  Starport  
  30  2:54  Orbital Command  
  30  2:55  SCV  
  31  2:59  Marauder  
  33  3:07  SCV  
  33  3:09  Hellion  
  36  3:18  Supply Depot  
  36  3:19  SCV  
  37  3:20  SCV  
  37  3:25  Marauder  
  40  3:28  Medivac  
  40  3:32  Hellion  
  44  3:34  SCV  
  44  3:37  SCV  
  46  3:49  Barracks  
  46  3:50  SCV x2  
  46  3:53  Supply Depot  
  46  3:55  Factory Tech Lab  
  48  3:56  Barracks Reactor  
  48  3:58  Viking  
  50  4:03  SCV x2  
  50  4:07  Barracks  
  52  4:11  Supply Depot  
  52  4:15  Siege Tank  
  53  4:19  SCV  
  53  4:20  SCV  
  55  4:25  Bunker  
  55  4:32  SCV x2  
  55  4:33  Marine x2  
  55  4:44  SCV x2  
  51  4:46  Marine  
  51  4:47  Siege Tank  
  51  4:50  Bunker  
  51  4:51  Marine  
  49  4:54  Marine x2  
  49  4:59  SCV x2  
  51  5:01  Stimpack  
  51  5:04  Marine  
  52  5:08  Supply Depot  
  52  5:09  Marine  
  52  5:12  SCV, Marine  
  52  5:13  Marine  
  56  5:19  Siege Tank  
  59  5:23  SCV  
  59  5:24  SCV  
  59  5:25  Engineering Bay  
  59  5:27  Marine  
  62  5:29  Marine  
  62  5:32  Supply Depot  
  63  5:35  Medivac  
  63  5:36  Marine  
  63  5:39  SCV  
  63  5:41  Marine  
  67  5:45  Marine  
  67  5:47  Marine  
  69  5:54  Marine  
  64  5:59  SCV x2, Marine  
  64  6:03  Marine  
  68  6:04  Marine  
  68  6:05  Supply Depot, Medivac  
  68  6:08  Terran Infantry Weapons Level 1  
  68  6:09  Supply Depot, Refinery  
  68  6:10  Refinery  
  71  6:15  Marine  
  71  6:16  Marine  
  72  6:20  SCV x2  
  72  6:21  Marine  
  72  6:25  Marine  
  74  6:27  Missile Turret  
  74  6:31  Supply Depot  
  74  6:32  SCV x2, Marine  
  76  6:33  Siege Tank  
  76  6:34  Marine  
  76  6:39  Marine  
  81  6:43  Marine  
  81  6:44  SCV x2  
  81  6:46  Starport Reactor  
  84  6:49  Supply Depot  
  84  6:50  Marine  
  84  6:52  Marine  
  85  6:56  SCV x2  
  85  6:57  Marine  
  87  7:02  Marine  
  87  7:05  Siege Tank  
  91  7:08  SCV x2, Marine  
  91  7:13  Marine  
  91  7:14  Marine  
  96  7:20  SCV x2, Marine  
  96  7:21  Supply Depot  
  99  7:23  Supply Depot, Medivac x2  
  99  7:28  Marine  
  104  7:31  Marine  
  104  7:32  SCV  
  104  7:33  SCV  
  104  7:35  Combat Shield  
  104  7:36  Supply Depot  
  107  7:39  Command Center  
  107  7:47  Barracks  
  107  7:48  Barracks  
  104  7:57  Marine x2  
  104  7:58  Marine x2  
  105  7:59  Siege Tank  
  99  8:15  Marine x2  
  99  8:16  Marine x2  
  99  8:19  SCV x2  
  103  8:23  Terran Infantry Armor Level 1  
  101  8:31  SCV x2, Medivac  
  101  8:33  Marine x3  
  101  8:34  Marine  
  108  8:43  SCV x2  
  110  8:51  Marine  
  110  8:52  Marauder  
  108  8:56  SCV x2  
  108  8:57  Barracks Tech Lab  
  108  8:58  Barracks Tech Lab x2  
  108  8:59  Siege Tank  
  108  9:01  Orbital Command  
  112  9:08  SCV  
  112  9:09  SCV  
  106  9:11  Marine x2  
  106  9:13  Marauder  
  110  9:17  Barracks x2  
  110  9:20  SCV  
  110  9:21  SCV  
  110  9:23  Armory  
  109  9:24  Marauder  
  109  9:26  Marauder x2  
  114  9:32  Marine x2  
  114  9:33  SCV x2  
  118  9:39  Refinery  
  118  9:40  Refinery  
  118  9:42  Marauder  
  118  9:45  SCV x2  
  122  9:46  Marauder  
  122  9:49  Marauder x2  
  126  9:57  SCV  
  125  10:01  Marine x2  
  125  10:04  Marauder  
  125  10:05  SCV x2  
  125  10:06  Marine  
  132  10:07  Marauder  
  132  10:08  Marine  
  132  10:10  Marine  
  132  10:11  Marauder  
  138  10:19  Marine  
  138  10:25  Marauder  
  132  10:29  Marauder x2  
  132  10:32  Marauder  
  132  10:33  Barracks Tech Lab, Barracks Reactor  
  132  10:34  Marine  
  130  10:37  Marine, Medivac  
  130  10:42  Supply Depot  
  133  10:43  Supply Depot  
  133  10:47  Marauder  
  133  10:49  Medivac  
  137  10:50  Marauder x2  
  137  10:51  Marine  
  137  10:53  Marauder  
  137  10:54  Marauder  
  137  10:55  Marine  
  147  11:00  Supply Depot  
  145  11:08  Marauder, Command Center  
  145  11:09  Marine  
  147  11:11  Marauder x2  
  147  11:14  Marauder  
  147  11:15  Marauder  
  147  11:17  Marine  
  152  11:22  Medivac  
  152  11:23  Marine x2  
  153  11:27  Marine  
  153  11:29  Marauder  
  143  11:35  Marauder x2  
  145  11:40  Marine  
Tags
 
Add a new tag
Caveats
  • Supply blocks, unpowered buildings, or Contaminate may cause inaccurate times.
  • Supply counts are checked every 10 seconds.